 Dungeon Crawl Stone Soup version 0.31.0-11-ge490571c62 (webtiles) character file.

Game seed: 4918599680850135713

68 qw the Shooter (level 4, -2/25 HPs)
             Began as a Deep Elf Hunter on Feb 4, 2024.
             Slain by a gnoll
             ... wielding a +0 halberd
              (6 damage)
             ... on level 3 of the Dungeon.
             The game lasted 00:00:06 (1452 turns).

qw the Shooter (Deep Elf Hunter)                    Turns: 1452, Time: 00:00:07

Health: -2/25      AC:  6    Str: 10    XL:     4   Next: 1%
Magic:  6/6        EV: 16    Int: 14    God:
Gold:   115        SH:  0    Dex: 18    Spells: 3/3 levels left

rFire   . . .        a - +0 shortbow
rCold   . . .        (shield currently unavailable)
rNeg    . . .        e - +1 ring mail
rPois   .            (no helmet)
rElec   .            (no cloak)
rCorr   .            (no gloves)
SInv    .            (no boots)
Will    .....        j - amulet of faith
Stlth   +            d - +5 ring of evasion
HPRegen 0.24/turn    (no ring)
MPRegen 0.10/turn

%: faith
@: no status effects
A: no striking features
a: no special abilities


You were on level 3 of the Dungeon.
You visited 1 branch of the dungeon, and saw 3 of its levels.

You collected 155 gold pieces.
You spent 40 gold pieces at shops.


   Skills:
 - Level 1.5 Fighting
 + Level 7.4 Ranged Weapons
 - Level 2.4 Dodging
 - Level 1.2 Stealth


You had 3 spell levels left.
You didn't know any spells.
Your spell library was empty.

Inventory:

Hand Weapons
 a - a +0 shortbow (weapon)
Armour
 e - a +1 ring mail (worn)
Jewellery
 d - a +5 ring of evasion (left hand)
 j - an amulet of faith (around neck)
Scrolls
 b - 2 scrolls of poison {unknown}
Potions
 g - a potion of might

Dungeon Overview and Level Annotations

Branches:
Dungeon (3/15)

Altars:
Ru

Shops:
D:2 [   D:3 =


Message History

The gnoll is moderately wounded.
The bat barely misses you. The gnoll misses you.
You shoot an arrow.
The arrow hits the ball python but does no damage.
The gnoll misses you. The ball python barely misses you.
The ball python closely misses you.
You shoot an arrow. The arrow hits the ball python.
You kill the ball python!
The bat barely misses you.
The gnoll hits you from afar with a +0 halberd!
Ouch! That really hurt!
The bat closely misses you. The gnoll misses you.
You shoot an arrow. The arrow hits the bat.
You kill the bat!
The gnoll completely misses you.
You shoot an arrow. The arrow hits the gnoll!
The gnoll is heavily wounded.
The gnoll closely misses you.
The gnoll hits you from afar with a +0 halberd.
You shoot an arrow. The arrow hits the gnoll!
You kill the gnoll!
The gnoll closely misses you.
You have reached level 4!
You feel clever.
You shoot an arrow. The arrow hits the gnoll.
The gnoll is heavily wounded.
The gnoll barely misses you. The gnoll misses you. The gnoll barely misses you.
You shoot an arrow.
The arrow hits the gnoll but does no damage.
The gnoll is heavily wounded.
The gnoll hits you with a +0 flail of protection!
The gnoll misses you. The gnoll barely misses you.
You shoot an arrow.
The arrow hits the gnoll but does no damage.
The gnoll is heavily wounded.
The gnoll closely misses you. x2
You shoot an arrow.
The arrow hits the gnoll but does no damage.
The gnoll is heavily wounded.
The gnoll hits you from afar with a +0 halberd.
You die...

#.# #..## #....
##.... # ......#
.###
#.....###.....
#...%g...#
...###.###g#.#....
......# #@# # .
..##..# #.#
..##.)# #.#
#.##..# #.#
#.##..# #.#
########.##..# #.#
......##.##..# #.#
####.........# #.#
#....7...##.####.#


You could see 2 gnolls.

Vanquished Creatures
  A gnoll (D:3)
  4 dart slugs
  2 ribbon worms (D:2)
  9 bats
  4 endoplasms
  2 giant cockroaches
  5 hobgoblins
  2 jackals (D:2)
  6 ball pythons
  A frilled lizard (D:3)
  2 goblins (D:2)
  3 kobolds
  4 rats
45 creatures vanquished.

Notes
Turn   | Place    | Note
-------+----------+-------------------------------------------
     0 | D:1      | qw the Deep Elf Hunter began the quest for the Orb.
     0 | D:1      | Reached XP level 1. HP: 12/12 MP: 3/3
     0 | D:1      | 0 ||| qw: Version: 0.3-a-160-g6735b56
     0 | D:1      | 0 ||| qw: Game counter: 5065
     0 | D:1      | 0 ||| qw: Melee chars always use a shield: true
     0 | D:1      | 0 ||| qw: God list: Okawaru
     0 | D:1      | 0 ||| qw: Allow faded altars: false
     0 | D:1      | 0 ||| qw: Do Orc after clearing Dungeon:15 true
     0 | D:1      | 0 ||| qw: Do second Lair branch before Depths: true
     0 | D:1      | 0 ||| qw: Lair rune preference: random
     0 | D:1      | 0 ||| qw: Goals: Normal
     0 | D:1      | 0 ||| PLANNING D:1-11
   100 | D:1      | Reached skill level 6 in Ranged Weapons
   100 | D:1      | Reached XP level 2. HP: 16/16 MP: 4/4
   885 | D:1      | 885 ||| READING scroll labelled IMPARR HOKHISS.
   886 | D:1      | 886 ||| READING scroll labelled JEZINEU RETHAT.
   886 | D:1      | 886 ||| IDENTIFYING sedimented grey potion
   887 | D:1      | 887 ||| READING scroll labelled DAGREY KEDARUF.
   888 | D:1      | 888 ||| READING scroll labelled EPHOERA NETRUCH.
   889 | D:1      | 889 ||| READING scroll labelled YRILER IHYU.
   890 | D:1      | 890 ||| DROPPING scroll of butterflies.
   891 | D:1      | 891 ||| DROPPING potion of attraction.
   972 | D:2      | Reached XP level 3. HP: 20/20 MP: 5/5
  1005 | D:2      | Found Umeamegolo's Armour Shoppe.
  1008 | D:2      | 1008 ||| SHOPLISTING +0 leather armour of Dibekymm {Will+
                  | Str-5 Int+2 Stlth+} (111 gold, have 64).
  1008 | D:2      | 1008 ||| BUYING +0 ring mail (40 gold).
  1008 | D:2      | Bought a +0 ring mail for 40 gold pieces
  1008 | D:2      | 1008 ||| SHOPLISTING +2 ring mail of fire resistance (210
                  | gold, have 24).
  1020 | D:2      | Found a sacrificial altar of Ru.
  1174 | D:2      | Reached skill level 7 in Ranged Weapons
  1272 | D:2      | 1272 ||| UPGRADING to +0 ring mail.
  1282 | D:2      | 1282 ||| DROPPING +0 leather armour.
  1283 | D:2      | 1283 ||| UPGRADING to amulet of faith.
  1288 | D:2      | 1288 ||| UPGRADING to +5 ring of evasion.
  1289 | D:2      | 1289 ||| DROPPING ring of wizardry.
  1290 | D:2      | 1290 ||| READING 2 scrolls of identify.
  1290 | D:2      | 1290 ||| IDENTIFYING viscous silvery potion
  1291 | D:2      | 1291 ||| READING scroll of identify.
  1291 | D:2      | 1291 ||| IDENTIFYING glowing emerald potion
  1292 | D:2      | 1292 ||| READING scroll labelled IKAUBL WASUJ.
  1292 | D:2      | 1292 ||| ENCHANTING +0 ring mail.
  1293 | D:2      | 1293 ||| DROPPING potion of degeneration.
  1388 | D:3      | Found Boostego's Jewellery Shop.
  1399 | D:3      | 1399 ||| SHOPLISTING +6 ring of strength (468 gold, have
                  | 115).
  1399 | D:3      | 1399 ||| SHOPLISTING amulet of the acrobat (390 gold, have
                  | 115).
  1399 | D:3      | 1399 ||| SHOPLISTING ring "Vaak" {rPois rF+ rCorr} (496
                  | gold, have 115).
  1399 | D:3      | 1399 ||| SHOPLISTING ring of ice (325 gold, have 115).
  1399 | D:3      | 1399 ||| SHOPLISTING ring of resist corrosion (260 gold,
                  | have 115).
  1439 | D:3      | 1439 ||| RETREEEEATING.
  1440 | D:3      | 1440 ||| RETREEEEATING.
  1449 | D:3      | Reached XP level 4. HP: 10/25 MP: 6/6
  1450 | D:3      | HP: 4/25 [gnoll/+0 flail of protection (7)]
  1452 | D:3      | Slain by a gnoll

Levels and vault maps discovered:
D:1:      wander_arrival_chamber, layout_basic
D:2:      layout_basic, basic_altar, serial_shops,
          nicolae_shop_tiny_real_fake_doors
D:3:      layout_basic, ebering_ecumenical_altar_webs, serial_shops,
          nicolae_diamond_shop, minmay_bisected, uniq_crazy_yiuf_cottage

Skill      XL: |  1  2  3 |
---------------+----------+-----
Ranged Weapons | 6 7 |  7.4
Fighting       | |  1.5
Dodging        | |  2.4
Stealth        | |  1.2

Action                     |  1- 3 |  4- 6 || total
---------------------------+-------+-------++-------
   Fire: Shortbow          |   119 |     4 ||   123
    Use: Scroll            |     8 |       ||     8
 Armour: Leather armour    |    10 |       ||    10
         Ring mail         |     9 |     2 ||    11
  Dodge: Dodged            |    53 |     7 ||    60

Table legend:
 A = Non-vault XP
 B = Vault XP
 C = Vault XP percentage of total XP
 D = Non-vault monster count
 E = Vault monster count
 F = Vault count percentage of total count
                 A         B        C        D         E       F
            +---------+---------+-------+---------+---------+-------
      Total |      92 |       6 |   6.1 |      41 |       4 |   8.9
            +---------+---------+-------+---------+---------+-------
        D:1 |      29 |       0 |   0.0 |      14 |       0 |   0.0
        D:2 |      40 |       0 |   0.0 |      21 |       0 |   0.0
        D:3 |      23 |       6 |  20.7 |       6 |       4 |  40.0
            +---------+---------+-------+---------+---------+-------
